 Dungeon Crawl Stone Soup version 0.22-a0-614-g34fbaa0 (webtiles) character file.

65 HungryMoth the Chiller (level 3, -6/26 HPs)
             Began as a Draconian Ice Elementalist on July 16, 2018.
             Killed by nerve-wracking pain
             ... invoked by a shadow imp
              (8 damage)
             ... on level 2 of the Dungeon.
             The game lasted 00:08:46 (2005 turns).

HungryMoth the Chiller (Draconian Ice Elementalist) Turns: 2005, Time: 00:08:47

Health: -6/26      AC:  5    Str: 10    XL:     3   Next: 94%
Magic:  4/7        EV: 12    Int: 16    God:
Gold:   120        SH:  0    Dex: 11    Spells: 2/8 levels left

rFire    . . .     SeeInvis .   (no weapon)
rCold    . . .     Gourm    .   (no shield)
rNeg     . . .     Faith    .   (armour unavailable)
rPois    .         Spirit   .   (helmet restricted)
rElec    .         Reflect  .   (no cloak)
rCorr    .         Harm     .   (no gloves)
MR       .....                  (no boots)
Stlth    +.........             (no amulet)
HPRegen  0.08/turn              (no ring)
MPRegen  0.10/turn              (no ring)

@: very slow
A: unfitting armour, cold-blooded, AC +5
a: no special abilities


You were on level 2 of the Dungeon.
You were hungry.

You visited 1 branch of the dungeon, and saw 3 of its levels.

You collected 120 gold pieces.

Inventory:

Scrolls
 d - 5 scrolls of identify {unknown}
 h - a scroll of teleportation {unknown}
Potions
 a - 2 potions of curing {unknown}
 c - a potion of might {unknown}
 e - a potion of brilliance {unknown}
 g - a potion of flight {unknown}
Comestibles
 b - 6 rations
 f - a chunk of flesh


   Skills:
 - Level 1.7 Dodging
 - Level 1.7 Stealth
 * Level 3.1 Spellcasting
 + Level 1.0 Conjurations
 + Level 4.0 Ice Magic


You had 2 spell levels left.
You knew the following spells:

 Your Spells              Type           Power        Failure   Level  Hunger
a - Freeze                Ice            ###.         3%          1    None
b - Ozocubu's Armour      Chrm/Ice       #.......     24%         3    ###....
c - Throw Frost           Conj/Ice       ##....       10%         2    ##.....

Your spell library contained the following spells:

 Spells                   Type           Power        Failure   Level  Hunger
 Summon Ice Beast         Ice/Summ       #.......     63%         4    ####...
 Throw Icicle             Conj/Ice       ##......     54%         4    ####...


Dungeon Overview and Level Annotations

Branches:
Dungeon (3/15)

Altars:
Fedhas
Nemelex Xobeh

Annotations:
D:2 1 runed door, exclusion: door


Innate Abilities, Weirdness & Mutations

Your plain brown scales are hard. (AC +5)
You cannot fit into any form of body armour.
You are cold-blooded and may be slowed by cold attacks.


Message History

* * * LOW HITPOINT WARNING * * *
You closely miss the shadow imp.
The shadow imp is severely wounded.
The shadow imp completely misses you.
You hit the shadow imp but do no damage.
The shadow imp is severely wounded.
The shadow imp splashes around in the water.
You completely miss the shadow imp.
The shadow imp is severely wounded.
The shadow imp gestures at you. Pain shoots through your body!
* * * LOW HITPOINT WARNING * * *
You enter the shallow water.
Moving in this stuff is going to be slow.
You are feeling hungry.
The shadow imp gestures at you.
You barely resist. The shadow imp gestures at you.
Pain shoots through your body!
You die...

#.#............# #.#
#######........#####.########.#
................###........>..#
#######.........P.P..##########
#.#...###P≈≈≈♣.##
#.#..>##P≈≈≈≈≈..#
#.##.####≈.≈≈≈≈.###########
#.##.##..(≈≈5≈≈....[.......
#....##.P(@≈≈≈≈.###########
####.>...≈.≈≈.≈.#
#.....≈)≈≈≈≈P# ####.P≈†.≈≈≈P#
#.#≈.≈≈≈≈.# #...♣.≈.P.#
#....PP..## ##.......#
#########


You could see a shadow imp.

Vanquished Creatures
  3 adders (D:2)
  An ooze (D:2)
  A dart slug (D:2)
  2 leopard geckos
  An orc (D:2)
  2 bats
  A giant cockroach (D:2)
  2 hobgoblins
  2 quokkas (D:2)
  2 frilled lizards
  4 goblins
  6 kobolds
  4 rats
31 creatures vanquished.

Notes
Turn   | Place    | Note
-------+----------+-------------------------------------------
     0 | D:1      | HungryMoth the Draconian Ice Elementalist began the quest for the Orb.
     0 | D:1      | Reached XP level 1. HP: 14/14 MP: 3/3
   571 | D:1      | Reached XP level 2. HP: 20/20 MP: 1/5
   578 | D:1      | Learned a level 2 spell: Throw Frost
  1057 | D:2      | Found a sparkling altar of Nemelex Xobeh.
  1180 | D:2      | Reached XP level 3. HP: 26/26 MP: 2/6
  1290 | D:2      | Found a blossoming altar of Fedhas.
  1410 | D:2      | Learned a level 3 spell: Ozocubu's Armour
  1563 | D:2      | Found a runed door.
  1863 | D:2      | Reached skill level 4 in Ice Magic
  1998 | D:2      | HP: 1/26 [shadow imp/nerve-wracking pain (4)]
  2005 | D:2      | Killed from afar by a shadow imp

Vault maps used:
D:1:      dpeg_arrival_tiny_f, amethyst_killhole
D:2:      nemelex_xobeh_ov_fountains_minmay, lemuel_doored_altar,
          serial_bayou_pond_b, uniq_crazy_yiuf_cottage
D:3:      lemuel_coloured_pillars_altar, first_ration, uniq_natasha

Skill      XL: |  1  2  3 |
---------------+----------+-----
Spellcasting   | 3 |  3.1
Ice Magic      | 4 |  4.0
Dodging        | |  1.7
Stealth        | |  1.7
Conjurations   | |  1.0

Action                   || total
-------------------------++-------
Melee: Unarmed           ||    39
       Tailslap          ||     2
 Cast: Freeze            ||    50
       Throw Frost       ||     9
  Eat: Chunk             ||     4
Armor: Skin              ||    10
Dodge: Dodged            ||    46

Table legend:
 A = Spawn XP
 B = Non-spawn XP
 C = Spawn XP percentage of total XP
 D = Spawn monster count
 E = Non-spawn monster count
 F = Spawn count percentage of total count
 G = Total turns spent on level
                    A         B        C        D         E        F      G
               +---------+---------+-------+---------+---------+-------+---------
         Total |       0 |      94 |   0.0 |       0 |      31 |   0.0 |  2005
               +---------+---------+-------+---------+---------+-------+---------
           D:1 |       0 |      15 |   0.0 |       0 |      11 |   0.0 |  1057
           D:2 |       0 |      74 |   0.0 |       0 |      18 |   0.0 |   941
           D:3 |       0 |       5 |   0.0 |       0 |       2 |   0.0 |     7
               +---------+---------+-------+---------+---------+-------+---------
